 Dungeon Crawl Stone Soup version 0.20-a0-1124-g2e29d97 (console) character file.

14133 nht the Grappler (level 11, -4/113 HPs)
             Began as a Troll Fighter on May 16, 2017.
             Was an Elder of Ru.
             Engulfed by an ice statue's freezing vapour (16 damage)
             ... in an ice cave.
             The game lasted 00:17:09 (7965 turns).

nht the Grappler (Troll Fighter)                    Turns: 7965, Time: 00:17:10

Health: -4/113     AC: 10    Str: 30    XL:     11   Next: 84%
Magic:  0/10       EV: 10    Int:  5    God:    Ru [****..]
Gold:   596        SH: 13    Dex: 11    Spells: 10/10 levels left

rFire    . . .     SeeInvis .     - Unarmed
rCold    . . .     Gourm    +   b - +1 shield
rNeg     . . .     Faith    .   a - +0 robe
rPois    .         Spirit   +   (helmet restricted)
rElec    .         Reflect  .   D - scarf {Spirit}
rCorr    .         Harm     .   (gloves unavailable)
MR       +....                  (boots unavailable)
Stlth    ..........             (no amulet)
Regen    0.7/turn               L - +5 ring of protection
MPRegen  0.2/turn               v - ring of protection from magic

@: no status effects
A: unfitting armour, claws 3, agile 1, blink, fast metabolism 3, gourmand,
regeneration 1, shaggy fur 1, strong 1, tough skin 2, no stealth, inability to
use devices, no conjurations magic, no earth magic, no necromancy magic
a: Blink, Draw Out Power, Power Leap, Renounce Religion


You were in an ice cave.
You worshipped Ru.
Ru was greatly pleased with you.
You were very full.

You visited 2 branches of the dungeon, and saw 12 of its levels.
You also visited: Sewer and Ice Cave.

You collected 596 gold pieces.

Inventory:

Hand Weapons
 t - a +0 blowgun
Missiles
 i - 4 javelins (quivered)
 E - 40 poisoned needles
 F - 6 tomahawks
Armour
 a - a +0 robe (worn)
 b - a +1 shield (worn)
 D - a scarf of spirit shield (worn)
Jewellery
 g - an uncursed ring of see invisible
 m - an uncursed ring of resist corrosion
 v - a ring of protection from magic (right claw)
 L - a +5 ring of protection (left claw)
Scrolls
 e - 2 scrolls of fog
 f - 8 scrolls of remove curse
 k - 3 scrolls of magic mapping
 o - a scroll of enchant armour
 p - a scroll of identify
 C - a scroll of enchant weapon
Potions
 c - 2 potions of might
 j - 3 potions of ambrosia
 s - 6 potions of curing
 u - 5 potions of heal wounds
 x - 4 potions of flight
 z - 5 potions of brilliance {unknown}
 A - 2 potions of haste
 M - a potion of magic
Books
 l - a book of Minor Magic

   Spells                             Type                      Level
   a - Magic Dart                     Conjuration                  1
   b - Blink                          Translocation                2
   c - Call Imp                       Summoning                    2
   d - Slow                           Hexes                        2
   e - Conjure Flame                  Conjuration/Fire             3
   f - Mephitic Cloud                 Conjuration/Poison/Air       3
Comestibles
 d - 7 bread rations
 h - 14 royal jellies
 n - a chunk of flesh
 q - 8 meat rations
 w - 9 fruits


   Skills:
 + Level 8.6 Fighting
 - Level 2.4 Dodging
 + Level 8.6 Shields
 * Level 13.4 Unarmed Combat


You had 10 spell levels left.
You didn't know any spells.

Dungeon Overview and Level Annotations

Branches:
Dungeon (11/15)            Temple (1/1) D:5            Lair (0/6) D:8
    Orc: D:9-12

Altars:
Ashenzari
Cheibriados
Dithmenos
Elyvilon
Fedhas
Gozag
Hepliaklqana
Kikubaaqudgha
Makhleb
Nemelex Xobeh
Okawaru
Qazlal
Ru
Sif Muna
Trog
Uskayaw
Vehumet
Wu Jian
Xom
Yredelemnul
Zin
The Shining One

Shops:
D:8 (

Annotations:
IceCv exclusion: ice statue


Innate Abilities, Weirdness & Mutations

You are too large for most types of armour.
You have claws for hands.
Your metabolism is lightning-fast.
You like to eat raw meat.
Your natural rate of healing is unusually fast.
You are covered in fur. (AC +1)
You have very tough skin. (AC +2)
You cannot be stealthy.
You cannot study or use magical devices.
You cannot study or cast Conjurations magic.
You cannot study or cast Earth magic.
You cannot study or cast Necromancy magic.
You are agile. (Dex +2)
You can translocate small distances at will.
Your muscles are strong. (Str +2)


Message History

The ice statue gestures at you. The bolt of cold hits you!
You block the ice beast's attack.
You scratch the ice statue but do no damage.
The ice statue is heavily damaged.
The ice statue gestures at you. The freezing blast misses you.
You scratch the ice statue.
The ice statue is heavily damaged.
You are engulfed in freezing vapours.
You block the ice beast's attack.
You claw the ice statue!
The ice statue is severely damaged.
You are engulfed in freezing vapours.
The ice statue gestures at you. The bolt of cold hits you!
* * * LOW HITPOINT WARNING * * *
You redirect the ice beast's attack!
The ice beast hits the ice statue.
The ice beast freezes the ice statue.
The ice statue completely resists.
You are engulfed in freezing vapours.
You die...

██...█ ██...█
██...██ █...██
█..██ ██..██
██..█ ████..████
█8█@...█.███
█Y§§.......█
█§§§.........█
█§§.............
██..........█...
█..........██ .█
██........██ █
██...█████


█████ You could see an ice beast.

Vanquished Creatures
  7 two-headed ogres
  3 skeletal warriors (D:8)
  A manticore (D:10)
  Maurice (D:8)
  An ice statue (IceCv)
  Psyche (D:9)
  A troll (D:10)
  A hippogriff (D:11)
  The ghost of nht the Skirmisher, an amateur OgFi (D:3)
  A yak (D:9)
  2 hungry ghosts
  A steam dragon (D:10)
  A soldier ant (D:10)
  A water moccasin (D:7)
  Duvessa (D:7)
  A sky beast (D:10)
  An orc warrior (D:7)
  A swamp drake (D:8)
  14 ice beasts
  5 ogres
  2 phantoms
  A wolf (D:9)
  4 centaurs
  5 bullfrogs
  2 big kobolds (Sewer)
  Dowan (D:7)
  A wyvern skeleton (D:10)
  A scorpion (D:7)
  6 killer bees (D:9)
  2 howler monkeys (D:10)
  An electric eel (D:8)
  8 crimson imps
  A centaur zombie (D:7)
  A quasit (D:9)
  6 hounds
  6 orc priests
  A water moccasin simulacrum (D:9)
  A centaur skeleton (D:9)
  8 orc wizards
  7 jellies
  Ijyb (D:3)
  4 worker ants
  2 iguanas (D:10)
  A hound zombie (D:10)
  A hound skeleton (D:7)
  9 adders
  2 river rats (D:6)
  2 shadow imps
  9 white imps
  A worker ant simulacrum (D:9)
  7 oozes
  6 ufetubi
  2 adder skeletons
  A dart slug (D:1)
  3 worms
  2 leopard geckos
  29 orcs
  5 giant cockroaches
  8 goblins
  7 hobgoblins
  2 jackals (D:11)
  16 kobolds
  2 quokkas
  4 ball pythons
  9 bats
  3 frilled lizards
  A jackal skeleton (D:5)
  A leopard gecko skeleton (D:7)
  6 rats
257 creatures vanquished.

Vanquished Creatures (others)
  An ice beast (D:9)
  An orc wizard (D:5)
  A white imp (IceCv)
  3 ufetubi (IceCv)
  11 plants (D:8)
  5 toadstools (D:1)
22 creatures vanquished.

Grand Total: 279 creatures vanquished

Notes
Turn   | Place    | Note
-------+----------+-------------------------------------------
     0 | D:1      | nht the Troll Fighter began the quest for the Orb.
     0 | D:1      | Reached XP level 1. HP: 22/22 MP: 0/0
    79 | D:1      | Reached XP level 2. HP: 22/29 MP: 1/1
   955 | D:2      | Reached XP level 3. HP: 33/36 MP: 2/2
  1137 | D:2      | Reached skill level 3 in Unarmed Combat
  1308 | D:2      | Found a shadowy altar of Dithmenos.
  1410 | D:2      | Found a hazy altar of Hepliaklqana.
  1512 | D:3      | Reached XP level 4. HP: 44/44 MP: 3/3
  1554 | D:3      | Found a hide-covered altar of Uskayaw.
  1581 | D:3      | Noticed Ijyb
  1587 | D:3      | Killed Ijyb
  1629 | D:3      | Reached XP level 5. HP: 53/53 MP: 4/4
  1785 | D:3      | Reached skill level 4 in Unarmed Combat
  1893 | D:3      | Noticed nht's ghost (amateur OgFi)
  1900 | D:3      | Killed nht's ghost
  1900 | D:3      | Reached XP level 6. HP: 50/61 MP: 5/5
  2162 | D:4      | Found a shimmering altar of Xom.
  2347 | D:4      | Found an ancient bone altar of Kikubaaqudgha.
  2478 | D:4      | Reached skill level 5 in Unarmed Combat
  2550 | D:4      | Reached XP level 7. HP: 32/68 MP: 6/6
  2808 | D:5      | Entered Level 5 of the Dungeon
  2975 | D:5      | Reached skill level 6 in Unarmed Combat
  3091 | D:5      | Found a staircase to the Ecumenical Temple.
  3127 | Temple   | Entered the Ecumenical Temple
  3252 | Temple   | Became a worshipper of Ru the Awakened
  3332 | D:5      | Found a sacrificial altar of Ru.
  3589 | D:5      | Found an iron altar of Okawaru.
  3977 | D:6      | Reached XP level 8. HP: 77/79 MP: 7/7
  4023 | D:6      | Found a glowing drain.
  4078 | Sewer    | Entered a sewer
  4182 | Sewer    | Gained mutation: You cannot be stealthy. [Ru sacrifice]
  4253 | Sewer    | Reached skill level 7 in Unarmed Combat
  4767 | D:7      | Reached skill level 5 in Fighting
  4767 | D:7      | Reached skill level 5 in Shields
  4839 | D:7      | Noticed Duvessa
  4842 | D:7      | Noticed Dowan
  4852 | D:7      | Reached skill level 8 in Unarmed Combat
  4858 | D:7      | Killed Duvessa
  4988 | D:7      | Killed Dowan
  5068 | D:7      | Reached XP level 9. HP: 83/88 MP: 6/8
  5296 | D:7      | Reached skill level 9 in Unarmed Combat
  5464 | D:8      | Noticed a two-headed ogre
  5601 | D:8      | Found a staircase to the Lair.
  5607 | D:8      | Noticed Maurice
  5619 | D:8      | Killed Maurice
  5659 | D:8      | Noticed a two-headed ogre
  5666 | D:8      | Killed a two-headed ogre
  5666 | D:8      | Reached skill level 10 in Unarmed Combat
  5685 | D:8      | Found Mupeapna's Weapon Shoppe.
  5703 | D:8      | Found a radiant altar of Vehumet.
  5742 | D:8      | Killed a two-headed ogre
  5742 | D:8      | Reached XP level 10. HP: 100/100 MP: 9/9
  5808 | D:8      | Noticed a skeletal warrior
  5809 | D:8      | Gained mutation: You are agile. (Dex +2) [potion of mutation]
  5809 | D:8      | Gained mutation: Your muscles are strong. (Str +2) [potion of mutation]
  5809 | D:8      | Gained mutation: You can translocate small distances at will. [potion of mutation]
  5817 | D:8      | Killed a skeletal warrior
  5871 | D:8      | Noticed a skeletal warrior
  5871 | D:8      | Noticed a skeletal warrior
  5873 | D:8      | Noticed a skeletal warrior
  5885 | D:8      | Killed a skeletal warrior
  5885 | D:8      | Reached skill level 11 in Unarmed Combat
  6026 | D:8      | Noticed a two-headed ogre
  6034 | D:8      | Killed a two-headed ogre
  6070 | D:8      | Found a blossoming altar of Fedhas.
  6284 | D:8      | Killed a skeletal warrior
  6350 | D:8      | Gained mutation: You cannot study or use magical devices. [Ru sacrifice]
  6350 | D:8      | Reached * piety under Ru
  6350 | D:8      | Reached ** piety under Ru
  6350 | D:8      | Reached *** piety under Ru
  6371 | D:9      | Found a shattered altar of Ashenzari.
  6432 | D:9      | Found a stormy altar of Qazlal.
  6566 | D:9      | Noticed Psyche
  6572 | D:9      | Killed Psyche
  6572 | D:9      | Reached skill level 12 in Unarmed Combat
  6572 | D:9      | Reached XP level 11. HP: 89/110 MP: 10/10
  6784 | D:9      | Noticed a two-headed ogre
  6792 | D:9      | Killed a two-headed ogre
  6810 | D:9      | Found a glowing golden altar of the Shining One.
  6853 | D:9      | Found a sparkling altar of Nemelex Xobeh.
  6995 | D:9      | Found a snail-covered altar of Cheibriados.
  7086 | D:10     | Entered Level 10 of the Dungeon
  7132 | D:10     | Noticed a two-headed ogre
  7139 | D:10     | Killed a two-headed ogre
  7311 | D:10     | Noticed a two-headed ogre
  7322 | D:10     | Noticed a two-headed ogre
  7327 | D:10     | Killed a two-headed ogre
  7335 | D:10     | Killed a two-headed ogre
  7372 | D:10     | Reached skill level 13 in Unarmed Combat
  7833 | D:11     | Found a frozen archway.
  7835 | D:11     | Gained mutation: You cannot study or cast Earth magic. [Ru sacrifice]
  7835 | D:11     | Gained mutation: You cannot study or cast Necromancy magic. [Ru sacrifice]
  7835 | D:11     | Gained mutation: You cannot study or cast Conjurations magic. [Ru sacrifice]
  7835 | D:11     | Reached **** piety under Ru
  7899 | IceCv    | Entered an ice cave
  7965 | IceCv    | Engulfed by an ice statue's freezing vapour

Vault maps used:
D:1:      ldierk_walled_garden, minmay_misc_feat_doors,
          grunt_decor_mini_mirrors, minmay_pentomino_z2
D:2:      lemuel_coloured_pillars_altar, lemuel_round_altar
D:3:      eat_drink_and_be_merry_uskayaw, first_bread, uniq_ijyb
D:4:      old_standard_altar, kennysheep_mini_moat
D:5:      lemuel_round_altar, minmay_temple_entry_mist, nicolae_ru_awakened_eye
D:6:      portal_sewer_entry_a
D:7:      uniq_duvessa
D:8:      nicolae_overflow_crystal_walls, overflow_temple_1_default,
          lair_entry_dummy, serial_shops, shop, hangedman_little_slice_of_home,
          serial_bayou_lagoon_a, uniq_maurice
D:9:      lemuel_crystal_altar, old_standard_altar,
          ashenzari_conservatory_becter, nicolae_tso_carved_into_rock,
          nemelex_xobeh_ov_fountains_minmay, serial_ice, serial_ice_n,
          serial_ice_i, serial_ice_e, serial_ice_m, uniq_psyche
D:11:     portal_ice_cave_entry_ice_beasts, nemelex_diamond_rough_becter
Temple:   nicolae_temple_figure_zero
Sewer:    kennysheep_pipe_town
IceCv:    ice_cave_small_demon

Skill      XL: |  1  2  3  4  5  6  7  8  9 10 11 |
---------------+----------------------------------+-----
Unarmed Combat | 3 4 5 6 8 10 12 13 | 13.4
Shields        | 3 4 5 6 7 8 |  8.6
Fighting       | 3 4 5 6 7 8 |  8.6
Dodging        | |  2.4

Action                   |  1- 3 |  4- 6 |  7- 9 | 10-12 || total
-------------------------+-------+-------+-------+-------++-------
Melee: Unarmed           |    83 |    72 |   325 |   339 ||   819
Throw: Javelin           |       |       |       |    38 ||    38
       Tomahawk          |       |       |       |     6 ||     6
Invok: Sacrifice Stealth |       |       |     1 |       ||     1
       Sacrifice Artific |       |       |       |     1 ||     1
       Sacrifice Arcana  |       |       |       |     1 ||     1
Evoke: Wand              |       |       |    18 |    15 ||    33
  Use: Potion            |       |     2 |     2 |     7 ||    11
       Scroll            |       |       |    14 |     8 ||    22
 Stab: Sleeping          |     1 |     1 |       |       ||     2
       Paralysed         |       |       |    11 |     3 ||    14
       Invisible         |       |       |       |     2 ||     2
  Eat: Chunk             |    19 |    10 |    30 |    26 ||    85
Armor: Robe              |    20 |    17 |    59 |    71 ||   167
       Skin              |       |       |       |    19 ||    19
Dodge: Dodged            |    24 |    24 |    67 |    68 ||   183
Block: Shield            |    27 |    25 |   123 |   148 ||   323
